 Dungeon Crawl Stone Soup version 0.18.1-6-gd335043 (webtiles) character file.

148363 imganon the Axe Maniac (level 17, -1/156 HPs)
             Began as a Hill Orc Berserker on May 17, 2016.
             Was the Champion of Trog.
             Blown up by an orb spider (42 damage)
             ... with an orb of destruction
             ... on level 3 of the Spider Nest.
             The game lasted 01:00:03 (33543 turns).

imganon the Axe Maniac (Hill Orc Berserker)        Turns: 33543, Time: 01:00:04

Health: -1/156     AC: 24    Str: 27    XL:     17   Next: 48%
Magic:  7/7        EV:  8    Int: 10    God:    Trog [******]
Gold:   2209       SH:  6    Dex: 10    Spells: 0 memorised, 16 levels left

rFire  . . .     SeeInvis +     K - +7 executioner's axe (antimagic)
rCold  . . .     Gourm    .     G - +0 plate armour {rPois}
rNeg   . . .     Faith    .     (shield currently unavailable)
rPois  +         Spirit   .     X - +0 helmet {Int+3}
rElec  .         Dismiss  .     x - +1 cloak
rCorr  .         Reflect  +     J - +0 pair of gloves {archery}
SustAt .         Harm     .     h - +0 pair of boots
MR     +....                    f - +6 amulet of reflection
Stlth  ..........               P - ring of see invisible
                                A - +3 ring of slaying

@: somewhat resistant to hostile enchantments, extremely unstealthy
A: regeneration 1
a: Berserk, Trog's Hand, Brothers in Arms, Burn Spellbooks, Renounce Religion


You were on level 3 of the Spider Nest.
You worshipped Trog.
Trog was exalted by your worship.
You were not hungry.

You visited 4 branches of the dungeon, and saw 28 of its levels.
You also visited: Sewer, Bailey and Ice Cave.

You collected 2519 gold pieces.
You spent 310 gold pieces at shops.

Inventory:

Hand Weapons
 K - a +7 antimagic executioner's axe (weapon)
 T - a +2 executioner's axe of chopping
Armour
 h - a +0 pair of boots (worn)
 x - a +1 cloak (worn)
 G - a +0 plate armour of poison resistance (worn)
 J - a +0 pair of gloves of archery (worn)
 X - a +0 helmet of intelligence (worn)
Rods
 F - a +1 lightning rod (11/11)
   (You found it on level 8 of the Lair of Beasts)
Jewellery
 a - an uncursed ring of flight
 f - a +6 amulet of reflection (around neck)
 m - an uncursed ring of protection from fire
 u - an uncursed amulet of the gourmand {unknown}
 A - a +3 ring of slaying (left hand)
 D - an uncursed amulet of faith {unknown}
 E - an uncursed amulet of harm {unknown}
 O - an uncursed amulet of guardian spirit {unknown}
 P - a ring of see invisible (right hand)
 R - an uncursed ring of protection from cold
 V - an uncursed ring of protection from magic
 W - an uncursed ring of positive energy
 Z - an uncursed ring of poison resistance
Wands
 q - a wand of teleportation (3/9)
 B - a wand of paralysis (18/24)
 H - a wand of disintegration (11/24)
 S - a wand of teleportation (4/9)
 U - a wand of heal wounds (3/9)
Scrolls
 b - 8 scrolls of magic mapping
 d - 16 scrolls of identify
 k - 4 scrolls of enchant armour
 t - 12 scrolls of recharging
 w - 2 scrolls of fog
 y - 10 scrolls of teleportation
 I - 12 scrolls of remove curse
 Q - 7 scrolls of fear
Potions
 e - 13 potions of flight
 g - 5 potions of heal wounds
 i - 3 potions of brilliance
 j - 2 potions of magic
 l - 8 potions of berserk rage
 n - 3 potions of cure mutation
 o - 5 potions of might
 p - 20 potions of curing
 r - 4 potions of haste
 s - 4 potions of agility
 v - 4 potions of ambrosia {unknown}
 M - 3 potions of resistance
 N - 4 potions of cancellation
Comestibles
 c - 11 bread rations
 z - 9 beef jerkies
 C - 2 royal jellies
 L - 13 meat rations


   Skills:
 * Level 15.3 Fighting
 O Level 27 Axes
 * Level 14.5 Armour
 - Level 1.5 Dodging
 + Level 6.6 Evocations


You had 16 spell levels left.
You didn't know any spells.

Dungeon Overview and Level Annotations

Branches:
Dungeon (15/15)            Temple (0/1) D:5            Lair (8/8) D:9
  Swamp (0/4) Lair:6       Spider (3/4) Lair:5        Slime (0/6) Lair:7
    Orc (2/2) D:12            Elf (0/3) Orc:2        Vaults (0/5) D:14
 Depths (0/5) D:15

Altars:
Cheibriados
Dithmenos
Elyvilon
Gozag
Kikubaaqudgha
Okawaru
Pakellas
Trog
The Shining One
Beogh
Jiyva

Shops:
D:14 =   Orc:1 (   Orc:2 !:%}(

Annotations:
Lair:3 exclusion: oklob plant


Innate Abilities, Weirdness & Mutations

Your natural rate of healing is unusually fast.


Message History

Unknown command.
The orb spider begins to weave its threads into a brightly glowing ball.
The orb of destruction hits you!
The orb spider pulsates with a strange energy.
The orb spider weaves a glowing orb of energy.
You hear a distant "Zot"!
An orb of destruction comes into view.
The orb spider weaves a glowing orb of energy. x2 2 orbs of destruction come into view.
The orb spider begins to weave its threads into a brightly glowing ball.
The orb spider weaves a glowing orb of energy.
An orb of destruction comes into view.
The orbs collide in a blinding explosion!
The orb of destruction hits you!
* * * LOW HITPOINT WARNING * * *
You hear an angry hiss.
You hear a hideous shriek!
Unknown command.
Drink which item? (? for menu, Esc to quit)
You feel much better. The orb of destruction hits you!
You die...

#.......^#.^.s.^.# .
#.......#^#^§^^.##.#
#........#^.*..#..#
#^..#....s§§....#...
#......#§§§..........
#..#.$..s.§.......$.#
#......§§§...........#
#......§............##
#...(.@....#....^...#
#...<................
#....#..............#
#.#.................
#.......#.....?.#..
#................
#................
#^.^.^...........
################


You could see 2 orb spiders.

Vanquished Creatures
  Saint Roka (Orc:2)
  Rupert (Lair:5)
  Kirke (Lair:7)
  Donald (Spider:1)
  A frost giant (IceCv)
  2 emperor scorpions
  Maud (Orc:2)
  An orc warlord (Orc:2)
  Aizul (Spider:1)
  Nessos (Lair:7)
  An ettin (D:15)
  Snorg (Orc:2)
  2 vault guards (D:14)
  Josephine (D:15)
  7 hydras
  2 entropy weavers (Spider:2)
  3 catoblepae
  An ogre mage (D:15)
  3 centaur warriors
  10 death yaks
  A deep troll shaman (Lair:8)
  3 tengu warriors
  2 orc high priests (Orc:2)
  Sonja (D:13)
  A deep elf knight (D:15)
  A skeletal warrior (D:10)
  5 unseen horrors
  3 swamp dragons (Lair:6)
  2 orc knights
  A deep elf archer (D:15)
  6 hill giants
  A necromancer (D:14)
  7 orc sorcerers
  6 wolf spiders
  2 deep elf magi
  8 orb spiders
  2 wizards (D:14)
  A hornet (Spider:1)
  4 griffons
  12 ugly things
  4 cyclopes
  A manticore (D:15)
  An ice statue (IceCv)
  5 black mambas
  A moth of wrath (Spider:1)
  The ghost of Yehuk the Protected, a novice GrFi of Okawaru (D:7)
  16 elephants
  9 spiny frogs
  3 torpor snails
  A gargoyle (D:13)
  2 centaur skeletons
  5 demonic crawlers
  A rime drake (Lair:8)
  A freezing wraith (D:15)
  A tengu conjurer (D:10)
  5 komodo dragons
  A kobold demonologist (D:15)
  16 jumping spiders
  5 two-headed ogres
  18 polar bears
  2 slime creatures (Lair:6)
  2 trolls (D:12)
  37 blink frogs
  A shadow (D:14)
  34 redbacks
  13 tarantellas
  6 water elementals (D:14)
  20 humans (D:14)
  65 yaks
  4 basilisks
  Eustachio (D:4)
  5 wyverns
  5 wraiths
  2 hogs (Lair:7)
  7 hippogriffs
  2 hungry ghosts (D:13)
  A mottled dragon (D:10)
  5 vampire mosquitoes
  3 swamp worms (Lair:6)
  6 wargs
  A soldier ant (D:15)
  10 water moccasins
  9 porcupines
  Duvessa (D:7)
  2 hell hounds (D:9)
  3 swamp drakes (Lair:6)
  8 ice beasts
  6 sky beasts
  2 eyes of draining
  5 black bears
  2 wasps
  32 orc warriors
  2 necrophages
  16 ogres
  An eye of draining (shapeshifter) (D:14)
  A phantom (D:5)
  29 wolves
  4 boggarts (D:15)
  12 centaurs
  9 crocodiles
  5 big kobolds
  20 giant frogs
  3 scorpions
  A wyvern skeleton (D:14)
  Dowan (D:7)
  13 killer bees
  14 wights
  A howler monkey (D:9)
  7 electric eels
  8 crimson imps
  4 centaur zombies
  A giant frog zombie (D:10)
  6 hounds
  A quasit (D:6)
  6 jellies
  Crazy Yiuf (D:7)
  22 orc priests
  A giant frog skeleton (D:12)
  31 orc wizards
  7 iguanas
  13 worker ants
  8 sheep
  A killer bee zombie (D:9)
  A hound skeleton (D:10)
  A worker ant zombie (D:10)
  15 gnolls
  21 adders
  66 river rats
  3 shadow imps
  5 oozes
  An adder zombie (D:8)
  2 adder skeletons
  4 worms
  4 dart slugs
  4 giant geckos
  83 orcs
  4 ball pythons
  8 bats
  A giant cockroach (D:4)
  10 goblins
  5 hobgoblins
  8 jackals
  2 quokkas (D:8)
  4 giant newts
  26 kobolds
  A quokka skeleton (D:5)
  22 rats
  12 fungi
  5 plants
1077 creatures vanquished.

Vanquished Creatures (others)
  A yak (IceCv)
  A human (Lair:7)
  2 wolves (IceCv)
  A centaur (D:13)
  An orc wizard (Orc:2)
  A bush (Lair:8)
  20 fungi
  10 plants
37 creatures vanquished.

Grand Total: 1114 creatures vanquished

Notes
Turn   | Place    | Note
--------------------------------------------------------------
     0 | D:1      | imganon the Hill Orc Berserker began the quest for the Orb.
     0 | D:1      | Reached XP level 1. HP: 19/19 MP: 1/1
    98 | D:1      | Reached XP level 2. HP: 12/26 MP: 2/2
   377 | D:1      | Reached skill level 5 in Axes
   707 | D:2      | Reached ** piety under Trog
   733 | D:2      | Reached XP level 3. HP: 22/31 MP: 3/3
   910 | D:2      | Found a faded altar to an unknown god.
   969 | D:2      | Reached skill level 6 in Axes
   974 | D:2      | Reached XP level 4. HP: 39/39 MP: 4/4
  1448 | D:2      | Reached skill level 7 in Axes
  1548 | D:2      | Reached XP level 5. HP: 33/45 MP: 5/5
  1896 | D:3      | Noticed an ogre
  1913 | D:3      | Killed an ogre
  1913 | D:3      | Reached skill level 8 in Axes
  1913 | D:3      | Reached XP level 6. HP: 18/51 MP: 6/6
  2082 | D:3      | Found a glowing drain.
  2094 | Sewer    | Entered a sewer
  2203 | Sewer    | Reached *** piety under Trog
  2251 | Sewer    | Reached skill level 9 in Axes
  2724 | Sewer    | Reached **** piety under Trog
  2765 | Sewer    | Reached skill level 10 in Axes
  2765 | Sewer    | Reached XP level 7. HP: 41/57 MP: 7/7
  2956 | D:3      | Found a glowing golden altar of the Shining One.
  3925 | D:4      | Reached skill level 11 in Axes
  3987 | D:4      | Noticed Eustachio
  4043 | D:4      | Killed Eustachio
  4299 | D:4      | Reached XP level 8. HP: 60/64 MP: 8/8
  4344 | D:4      | Reached skill level 12 in Axes
  4761 | D:5      | Entered Level 5 of the Dungeon
  4915 | D:5      | Reached skill level 13 in Axes
  5262 | D:5      | Found a staircase to the Ecumenical Temple.
  5390 | D:5      | Reached skill level 5 in Fighting
  5602 | D:5      | Reached ***** piety under Trog
  5602 | D:5      | Reached XP level 9. HP: 40/74 MP: 9/9
  5820 | D:6      | Reached skill level 5 in Armour
  5922 | D:6      | Found an opulent altar of Gozag.
  6572 | D:7      | Reached skill level 14 in Axes
  6608 | D:7      | HP: 3/111 [something (5)]
  6769 | D:7      | Noticed Yehuk's ghost (novice GrFi)
  6786 | D:7      | Killed Yehuk's ghost
  7048 | D:7      | Reached skill level 15 in Axes
  7064 | D:7      | Noticed Crazy Yiuf
  7071 | D:7      | Killed Crazy Yiuf
  7633 | D:7      | Reached XP level 10. HP: 81/81 MP: 10/10
  7694 | D:7      | Found an ancient bone altar of Kikubaaqudgha.
  7703 | D:7      | Noticed Duvessa
  7704 | D:7      | Noticed Dowan
  7711 | D:7      | Killed Dowan
  7714 | D:7      | Reached skill level 16 in Axes
  7716 | D:7      | Killed Duvessa
  8075 | D:7      | Found a snail-covered altar of Cheibriados.
  8081 | D:7      | Found a white marble altar of Elyvilon.
  8082 | D:7      | Found an opulent altar of Gozag.
  8083 | D:7      | Found a bloodstained altar of Trog.
  8085 | D:7      | Found an iron altar of Okawaru.
  8808 | D:9      | Found an oddly glowing altar of Pakellas.
  8871 | D:9      | Reached skill level 17 in Axes
  9019 | D:9      | Found a staircase to the Lair.
  9023 | D:9      | Received a gift from Trog
  9621 | Lair:1   | Entered Level 1 of the Lair of Beasts
 10050 | Lair:1   | Noticed a five-headed hydra
 10050 | Lair:1   | Noticed a black mamba
 10054 | Lair:1   | Killed a black mamba
 10055 | Lair:1   | Reached XP level 11. HP: 92/92 MP: 11/11
 10061 | Lair:1   | Killed an eight-headed hydra
 10601 | Lair:1   | Noticed a five-headed hydra
 10613 | Lair:1   | Killed an eight-headed hydra
 11079 | Lair:2   | Reached skill level 10 in Fighting
 11708 | Lair:3   | Reached skill level 10 in Armour
 11736 | Lair:3   | Found a shadowy altar of Dithmenos.
 11736 | Lair:3   | Noticed an oklob plant
 12125 | Lair:3   | Reached XP level 12. HP: 110/110 MP: 12/12
 12352 | Lair:4   | Found a frozen archway.
 12359 | IceCv    | Entered an ice cave
 13099 | IceCv    | Received a gift from Trog
 13115 | IceCv    | Got a polished executioner's axe {god gift}
 13116 | IceCv    | Identified the +7 executioner's axe of Trog's Benevolence {drain, Int+2} (Trog gifted it to you in an ice cave)
 13522 | IceCv    | Reached skill level 18 in Axes
 13668 | IceCv    | Noticed a death yak
 13683 | IceCv    | Killed a death yak
 13764 | IceCv    | Noticed a death yak
 13764 | IceCv    | Noticed a frost giant
 13787 | IceCv    | Killed a death yak
 13792 | IceCv    | Killed a frost giant
 13792 | IceCv    | Reached skill level 19 in Axes
 13805 | IceCv    | Reached XP level 13. HP: 53/117 MP: 13/13
 14313 | Lair:4   | Reached skill level 20 in Axes
 15531 | Lair:5   | Noticed Rupert
 15538 | Lair:5   | Killed Rupert
 15685 | Lair:5   | Found a hole to the Spider Nest.
 15938 | Lair:5   | Received a gift from Trog
 15940 | Lair:5   | Reached skill level 21 in Axes
 16621 | Lair:6   | Reached ****** piety under Trog
 16658 | Lair:6   | Found a staircase to the Swamp.
 17907 | Lair:6   | Reached skill level 22 in Axes
 18140 | Lair:7   | Noticed Kirke
 18148 | Lair:7   | Killed Kirke
 18202 | Lair:7   | Reached XP level 14. HP: 103/125 MP: 14/14
 18242 | Lair:7   | Reached skill level 23 in Axes
 18991 | Lair:7   | Found a viscous altar of Jiyva.
 18991 | Lair:7   | Found a staircase to the Slime Pits.
 19064 | Lair:7   | Received a gift from Trog
 19068 | Lair:7   | Got a dazzling battleaxe {god gift}
 19070 | Lair:7   | Identified the +11 battleaxe "Ynoac" {drain, rPois} (Trog gifted it to you on level 7 of the Lair of Beasts)
 19449 | Lair:7   | Noticed Nessos
 19958 | Lair:7   | Killed Nessos
 20311 | Lair:8   | Entered Level 8 of the Lair of Beasts
 20407 | Lair:8   | Reached skill level 24 in Axes
 20474 | Lair:8   | Received a gift from Trog
 21363 | Lair:8   | Reached skill level 25 in Axes
 21583 | Lair:8   | Reached XP level 15. HP: 132/132 MP: 15/15
 22033 | D:10     | Entered Level 10 of the Dungeon
 22152 | D:10     | Received a gift from Trog
 24094 | D:12     | Received a gift from Trog
 24335 | D:12     | Found a staircase to the Orcish Mines.
 24358 | D:12     | Reached skill level 26 in Axes
 24487 | D:12     | Found a flagged portal.
 24493 | Bailey   | Entered a bailey
 25487 | Orc:1    | Entered Level 1 of the Orcish Mines
 25630 | Orc:2    | Entered Level 2 of the Orcish Mines
 25631 | Orc:2    | Noticed Snorg
 25633 | Orc:2    | Noticed Saint Roka
 25642 | Orc:2    | Killed Snorg
 25861 | Orc:2    | Killed Saint Roka
 25915 | Orc:2    | Found Gaeruiga's Distillery.
 25915 | Orc:2    | Noticed Maud
 25937 | Orc:2    | Killed Maud
 26125 | Orc:2    | Bought 2 potions of haste for 280 gold pieces
 26130 | Orc:2    | Found a staircase to the Elven Halls.
 26164 | Orc:2    | Received a gift from Trog
 26167 | Orc:2    | Paralysed by an orc sorcerer for 5 turns
 26618 | Orc:2    | Paralysed by an orc sorcerer for 5 turns
 26719 | Orc:1    | Found Issasch's Weapon Shop.
 27006 | Orc:2    | Found a roughly hewn altar of Beogh.
 27049 | Orc:2    | Received a gift from Trog
 27239 | Orc:2    | Noticed an orc warlord
 27248 | Orc:2    | Killed an orc warlord
 27248 | Orc:2    | Reached skill level 27 in Axes
 27426 | Orc:2    | Found Enu Cuqa's Book Shoppe.
 27426 | Orc:2    | Found Bume's Food Shoppe.
 27427 | Orc:2    | Found Nusyllel's Antique Weapon Emporium.
 27430 | Orc:2    | Paralysed by an orc sorcerer for 2 turns
 27438 | Orc:2    | Reached skill level 1 in Evocations
 27439 | Orc:2    | Found Ymaug's Gadget Emporium.
 27892 | D:13     | Noticed Sonja
 27924 | D:13     | Killed Sonja
 27924 | D:13     | Reached XP level 16. HP: 88/139 MP: 5/17
 28191 | D:13     | Received a gift from Trog
 29505 | D:14     | Found Touboxur's Jewellery Emporium.
 29521 | D:14     | Bought a cursed amulet of inaccuracy for 30 gold pieces
 29776 | D:14     | Gained mutation: Your natural rate of healing is unusually fast. [potion of beneficial mutation]
 29852 | D:14     | Found a gate to the Vaults.
 29860 | D:14     | Received a gift from Trog
 30201 | D:15     | Entered Level 15 of the Dungeon
 30250 | D:15     | Received a gift from Trog
 30261 | D:15     | Found a snail-covered altar of Cheibriados.
 30560 | D:15     | Noticed Josephine
 30571 | D:15     | Killed Josephine
 30973 | D:15     | Found a staircase to the Depths.
 31195 | Spider:1 | Entered Level 1 of the Spider Nest
 31230 | Spider:1 | Noticed Aizul
 31243 | Spider:1 | Killed Aizul
 31421 | Spider:1 | Reached skill level 5 in Evocations
 31455 | Spider:1 | Reached XP level 17. HP: 151/154 MP: 6/20
 31521 | Spider:1 | Noticed Donald
 31528 | Spider:1 | Killed Donald
 31663 | Spider:1 | Received a gift from Trog
 31706 | Spider:1 | You fall through a shaft!
 32381 | Spider:2 | Reached skill level 15 in Fighting
 32712 | Spider:1 | Received a gift from Trog
 33543 | Spider:3 | Blown up by an orb spider

Skill      XL: |  1  2  3  4  5  6  7  8  9 10 11 12 13 14 15 16 17 |
---------------+----------------------------------------------------+-----
Axes           | 5 6 7 8 10 11 13 15 17 19 22 25 27 | 27.0
Fighting       | 5 7 11 12 14 15 | 15.3
Armour         | 4 5 7 10 11 13 14 | 14.5
Evocations     | 1 5 6 |  6.6
Dodging        | |  1.5

Action                   |  1- 3 |  4- 6 |  7- 9 | 10-12 | 13-15 | 16-18 || total
-------------------------+-------+-------+-------+-------+-------+-------++-------
Melee: Hand axe          |    82 |   258 |   456 |       |       |       ||   796
       Battleaxe         |       |       |   131 |   458 |     5 |       ||   594
       Executioner's axe |       |       |       |    93 |   995 |   608 ||  1696
Invok: Berserk           |     1 |     2 |     4 |     5 |     8 |     2 ||    22
       Burn Spellbooks   |       |       |       |     1 |     2 |     5 ||     8
       Trog's Hand       |       |       |       |       |     1 |       ||     1
Evoke: Wand              |       |       |       |       |     7 |     7 ||    14
  Use: Scroll            |     3 |     1 |       |    19 |    10 |     6 ||    39
       Potion            |       |       |       |     7 |     6 |     2 ||    15
 Stab: Sleeping          |     2 |       |       |       |       |       ||     2
       Paralysed         |       |       |       |       |     3 |       ||     3
       Petrifying        |       |       |       |       |     1 |       ||     1
       Petrified         |       |       |       |       |     1 |       ||     1
       Held in net/web   |       |       |       |       |       |     1 ||     1
  Eat: Chunk             |       |     8 |    12 |    15 |    29 |     5 ||    69
       Beef jerky        |       |     1 |       |     1 |     1 |       ||     3
       Fruit             |       |       |     2 |       |     2 |     9 ||    13
       Bread ration      |       |       |     1 |     2 |     4 |     2 ||     9
       Pizza             |       |       |     1 |       |     3 |     1 ||     5
Armor: Animal skin       |    25 |     5 |       |       |       |       ||    30
       Chain mail        |       |    76 |   226 |       |       |       ||   302
       Plate armour      |       |       |     2 |   321 |   604 |   333 ||  1260
       Swamp dragon hide |       |       |       |       |    33 |       ||    33
Dodge: Dodged            |    54 |   106 |   155 |   160 |   299 |   169 ||   943
Block: Other             |     5 |    53 |   119 |   168 |   238 |   129 ||   712
       Reflection        |       |     2 |     1 |     5 |    10 |     9 ||    27
